 Dungeon Crawl Stone Soup version 0.24-a0-507-g3e8b2426 (webtiles) character file.

Game seed: 9308071341274038447

49769 frimble the Whirler (level 14, -1/148 HPs)
             Began as a Halfling Warper on July 19, 2019.
             Was the Champion of Okawaru.
             Slain by an entropy weaver (7 damage)
             ... on level 5 of the Lair of Beasts.
             The game lasted 00:51:30 (25839 turns).

frimble the Whirler (Halfling Warper)              Turns: 25839, Time: 00:51:31

Health: -1/148     AC:  8    Str: 13    XL:     14   Next: 93%
Magic:  14/20      EV:  3    Int: 17    God:    Okawaru [******]
Gold:   1474       SH: 12    Dex: 19    Spells: 11/16 levels left

rFire    + + +     SeeInvis .   a - +2 long sword "Kysodul" {freeze, rN+ Int+3 Dex+4}
rCold    . . .     Gourm    .   y - +0 buckler {rF+}
rNeg     + + +     Faith    .   (armour currently unavailable)
rPois    +         Spirit   .   (helmet currently unavailable)
rElec    .         Reflect  +   (cloak currently unavailable)
rCorr    .         Harm     .   (gloves currently unavailable)
MR       +....     NoTele   +   (boots currently unavailable)
Stlth    ++........             D - +4 amulet of reflection
HPRegen  0.34/turn              G - +5 ring of protection
MPRegen  0.17/turn              U - ring "Ciuryaph" {rF++ Str-3 Int+3 Slay+2}

@: tree-form, corroded
A: small, mutation resistance 1
a: Heroism, Finesse, Renounce Religion


You were on level 5 of the Lair of Beasts.
You worshipped Okawaru.
Okawaru was exalted by your worship.
You were not hungry.
You were a tree.
You visited 3 branches of the dungeon, and saw 17 of its levels.
You also visited: Gauntlet and Volcano.

You collected 1474 gold pieces.

Inventory:

Hand Weapons
 a - the +2 long sword "Kysodul" (weapon) {freeze, rN+ Int+3 Dex+4}
   (You found it on level 8 of the Dungeon)

   It has been specially enchanted to freeze those struck by it, causing extra
   injury to most foes and up to half again as much damage against particularly
   susceptible opponents.
   It can also slow down cold-blooded creatures.
   It affects your intelligence (+3).
   It affects your dexterity (+4).
   It protects you from negative energy.
 b - a +0 fustibalus of flaming
 q - a +1 fustibalus
Missiles
 k - 383 stones (quivered)
 r - 8 curare-tipped darts
 I - 200 sling bullets
 K - 5 throwing nets
Armour
 l - a +1 ring mail of fire resistance (melded)
 t - a scarf of spirit shield
 v - the +1 pair of gloves "Adgheh" (melded) {*Drain Str+4 Dex+3}
   (Okawaru gifted it to you on level 6 of the Lair of Beasts)

   It affects your strength (+4).
   It affects your dexterity (+3).
   It causes draining when unequipped.
 y - a +0 buckler of fire resistance (worn)
 z - a +0 pair of boots (melded)
 H - a +1 cloak (melded)
 X - a +2 hat (melded)
Jewellery
 o - an uncursed amulet of magic regeneration
 p - a +2 ring of protection
 D - a +4 amulet of reflection (around neck)
 G - a +5 ring of protection (left branch)
 J - a +3 ring of evasion
 L - an uncursed ring of poison resistance
 M - an uncursed ring of protection from cold
 S - an uncursed ring of protection from fire
 U - the ring "Ciuryaph" (right branch) {rF++ Str-3 Int+3 Slay+2}
   (You found it in a Gauntlet)

   [ring of intelligence]

   It affects your strength (-3).
   It affects your intelligence (+3).
   It affects your accuracy and damage with ranged weapons and melee attacks
   (+2).
   It greatly protects you from fire.
Wands
 e - a wand of enslavement (8)
 h - a wand of polymorph (10)
 w - a wand of acid (10)
 E - a wand of digging (3)
 F - a wand of paralysis (11)
 Y - a wand of disintegration (15)
 Z - a wand of clouds (5)
Scrolls
 d - 9 scrolls of blinking
 g - 2 scrolls of teleportation
 j - 9 scrolls of remove curse
 B - 2 scrolls of immolation
Potions
 c - a potion of agility
 i - 2 potions of berserk rage
 m - a potion of cancellation
 n - 2 potions of magic
 s - 4 potions of might
 x - 2 potions of haste
 C - 2 potions of flight
 O - 3 potions of curing
 P - a potion of brilliance
 T - a potion of mutation
Comestibles
 f - 19 rations


   Skills:
 + Level 10.4 Fighting
   Level 7.3(11.0) Short Blades
 + Level 10.9(11.4) Long Blades
 - Level 17.0 Slings
 - Level 1.0(8.3) Throwing
 - Level 5.0 Armour
 - Level 5.0 Dodging
 + Level 9.6 Shields
 - Level 1.5 Spellcasting
 - Level 8.0 Translocations
 - Level 8.0 Invocations


You had 11 spell levels left.
You knew the following spells:

 Your Spells              Type           Power        Failure   Level  Hunger
a - Blink                 Tloc           N/A          1%          2    ###....
b - Shroud of Golubria    Chrm/Tloc      ###...       6%          2    ###....
c - Apportation           Tloc           ####..       1%          1    ##.....

Your spell library contained the following spells:

 Spells                   Type           Power        Failure   Level  Hunger
 Gell's Gravitas          Tloc           ####......   2%          3    ####...
 Lesser Beckoning         Tloc           ####......   2%          3    ####...
 Teleport Other           Tloc           ####....     2%          3    ####...
 Passage of Golubria      Tloc           N/A          8%          4    #####..
 Recall                   Summ/Tloc      N/A          12%         3    ####...
 Animate Skeleton         Necr           N/A          21%         1    ##.....
 Confusing Touch          Hex            #.....       21%         1    ##.....
 Magic Dart               Conj           #...         21%         1    ##.....
 Summon Small Mammal      Summ           #...         21%         1    ##.....
 Call Imp                 Summ           #.......     30%         2    ###....
 Slow                     Hex            #.......     30%         2    ###....
 Call Canine Familiar     Summ           #.......     52%         3    ####...
 Conjure Flame            Conj/Fire      #.......     52%         3    ####...
 Mephitic Cloud           Conj/Pois/Air  #.......     52%         3    ####...
 Summon Guardian Golem    Hex/Summ       #.......     52%         3    ####...
 Animate Dead             Necr           N/A          90%         4    #####..
 Summon Ice Beast         Ice/Summ       #.......     90%         4    #####..
 Summon Lightning Spire   Summ/Air       #.......     90%         4    #####..
 Borgnjor's Vile Clutch   Necr/Erth      #.........   99%         5    ######.
 Death Channel            Necr           #.........   100%        6    #######
 Simulacrum               Ice/Necr       #.........   100%        6    #######


Dungeon Overview and Level Annotations

Branches:
Dungeon (10/15)            Temple (1/1) D:4            Lair (6/6) D:10
 Shoals (0/4) Lair:4        Snake (0/4) Lair:3        Slime (0/5) Lair:5
    Orc: D:9-12

Altars:
Ashenzari
Cheibriados
Dithmenos
Fedhas
Gozag
Kikubaaqudgha
Okawaru
Qazlal
Ru
Sif Muna
Trog
Uskayaw
Jiyva

Annotations:
Lair:2 3 runed translucent doors, BubbleThief's ghost, journeyman NaVM; Pianiec's ghost, journeyman NaTm
Lair:5 1 runed translucent door
Lair:6 exclusion: 2 oklob plants


Innate Abilities, Weirdness & Mutations

You are small and have problems with some larger weapons.
You are somewhat resistant to further mutation.


Message History

You block the entropy weaver's attack. The entropy weaver hits you.
* * * LOW HITPOINT WARNING * * *
Your shroud falls apart!
Okay, then.
Unknown command.
Casting: Shroud of Golubria (safe; 6% risk of failure)
Confirm with . or Enter, or press ? or * to list all spells.
Space distorts slightly along a thin shroud covering your body.
You feel sick. You block the entropy weaver's attack.
The entropy weaver hits you!
* * * LOW HITPOINT WARNING * * *
Your shroud bends the entropy weaver's attack away!
You block the entropy weaver's attack.
You feel better.
You block the entropy weaver's attack. x2
Your shroud bends the entropy weaver's attack away! x3
The entropy weaver hits you!
* * * LOW HITPOINT WARNING * * *
Your shroud falls apart!
The entropy weaver hits you!
You die...

.#.P.P......#.##.#.#.##P...P.###.
......PP.........................
..[P..........#..##............#.
...P......P...#...####.........#.
..)..P..P.....#.>.☼..##..........
...P....PP......°°.....##........
........P......#°☼#.....###.###..
.....PP.........§a.##............
.............)./♣...###....8....#
........#..#.#####.#.###........#
.........##### ######..8...8.[#
........P# ##........# ........##
##....8....# .........#
##........... ........###
######....#.####.. ..........#
#.#P##............ .........##
##..+.8.##......##


You could see an entropy weaver.

Vanquished Creatures
  An entropy weaver (Lair:5)
  A minotaur (Gauntlet)
  Harold (D:7)
  9 hydras
  A two-headed ogre (D:8)
  A death yak (Lair:3)
  A queen ant (Gauntlet)
  Urug (Lair:1)
  Sonja (Lair:1)
  2 skeletal warriors (Volcano)
  A lindwurm (Lair:3)
  A deep elf mage (D:10)
  5 black mambas
  A torpor snail (Gauntlet)
  3 gargoyles (Volcano)
  5 spiny frogs
  6 rime drakes
  9 komodo dragons
  A troll (D:10)
  3 polar bears
  6 hornets (Lair:6)
  A harpy skeleton (Volcano)
  A snapping turtle (Lair:4)
  7 blink frogs
  6 hippogriffs
  2 alligator skeletons (Volcano)
  10 spriggans (Lair:6)
  A flying skull (Volcano)
  2 hungry ghosts
  A wraith (D:10)
  2 basilisks
  42 yaks
  A human (D:10)
  Menkaure (D:7)
  7 soldier ants
  Duvessa (D:7)
  19 water moccasins
  10 porcupines
  4 ice beasts
  A sky beast (D:6)
  4 black bears
  4 orc warriors
  3 boggarts (Lair:6)
  2 phantoms
  25 wolves
  10 crocodiles
  4 ogres
  4 centaurs
  2 big kobolds
  16 bullfrogs
  3 scorpions
  Dowan (D:7)
  6 killer bees (D:8)
  2 troll skeletons (Volcano)
  5 wights (D:9)
  An electric eel (D:6)
  A howler monkey (D:7)
  4 crimson imps
  A bullfrog zombie (D:10)
  A centaur zombie (D:6)
  3 quasits
  Crazy Yiuf (D:5)
  A centaur skeleton (D:5)
  6 hounds
  3 bullfrog skeletons
  4 orc priests
  A jelly (D:8)
  9 orc wizards
  4 iguanas
  Terence (D:3)
  Natasha (thrice) (D:3)
  9 worker ants
  A hound zombie (D:5)
  A mummy (D:8)
  2 worker ant zombies
  Robin (D:3)
  A howler monkey skeleton (D:8)
  7 adders
  2 shadow imps (D:8)
  An ooze (D:6)
  An adder skeleton (D:8)
  An adder zombie (D:5)
  3 worms
  5 leopard geckos
  25 orcs
  7 bats
  4 giant cockroaches
  14 goblins
  8 hobgoblins
  9 jackals
  4 quokkas
  2 ball pythons (Lair:3)
  3 frilled lizards
  A giant cockroach zombie (D:6)
  A jackal skeleton (D:5)
  12 kobolds
  2 leopard gecko skeletons
  6 rats
  3 plants
450 creatures vanquished.

Vanquished Creatures (others)
  2 flying skulls (Volcano)
  A yak (Lair:1)
  A kobold (D:10)
  23 fungi
  31 plants
58 creatures vanquished.

Grand Total: 508 creatures vanquished

Notes
Turn   | Place    | Note
-------+----------+-------------------------------------------
     0 | D:1      | frimble the Halfling Warper began the quest for the Orb.
     0 | D:1      | Reached XP level 1. HP: 14/14 MP: 3/3
   699 | D:1      | Reached XP level 2. HP: 17/19 MP: 4/4
  1228 | D:2      | Reached XP level 3. HP: 12/24 MP: 5/5
  2166 | D:3      | Reached skill level 1 in Slings
  2359 | D:3      | Found a sacrificial altar of Ru.
  2393 | D:3      | Reached skill level 2 in Slings
  2393 | D:3      | Reached XP level 4. HP: 23/30 MP: 6/6
  2410 | D:3      | Reached XP level 5. HP: 29/36 MP: 7/7
  2730 | D:3      | Learned a level 2 spell: Blink
  2733 | D:3      | Learned a level 2 spell: Shroud of Golubria
  2794 | D:3      | Noticed Terence
  2878 | D:3      | Killed Terence
  2878 | D:3      | Reached skill level 3 in Slings
  3137 | D:3      | Noticed Natasha
  3161 | D:3      | Killed Natasha
  3161 | D:3      | Reached skill level 1 in Long Blades
  3445 | D:3      | Noticed Natasha
  3458 | D:3      | Killed Natasha
  3458 | D:3      | Reached XP level 6. HP: 31/42 MP: 8/8
  3521 | D:3      | Noticed Natasha
  3531 | D:3      | Killed Natasha
  3531 | D:3      | Reached skill level 4 in Slings
  3623 | D:3      | Noticed Robin
  3627 | D:3      | Killed Robin
  3810 | D:4      | Noticed a phantom
  3897 | D:4      | Killed a phantom
  3897 | D:4      | Reached skill level 5 in Slings
  3897 | D:4      | Reached XP level 7. HP: 23/46 MP: 9/9
  4321 | D:4      | Found a staircase to the Ecumenical Temple.
  5110 | Temple   | Entered the Ecumenical Temple
  5127 | Temple   | Became a worshipper of Warmaster Okawaru
  5800 | D:4      | Reached skill level 6 in Slings
  5800 | D:4      | Reached skill level 1 in Invocations
  6458 | D:5      | Entered Level 5 of the Dungeon
  6714 | D:5      | Reached XP level 8. HP: 12/52 MP: 4/10
  6987 | D:5      | Found a shattered altar of Ashenzari.
  7077 | D:5      | Reached * piety under Okawaru
  7077 | D:5      | Reached skill level 5 in Translocations
  7376 | D:5      | Reached skill level 5 in Short Blades
  7948 | D:5      | Found a runed translucent door.
  7949 | D:5      | Noticed Crazy Yiuf
  8078 | D:5      | Reached skill level 7 in Slings
  8244 | D:5      | Found a blossoming altar of Fedhas.
  8373 | D:5      | Killed Crazy Yiuf
  8876 | D:6      | Reached XP level 9. HP: 24/56 MP: 4/11
  9101 | D:6      | Reached skill level 8 in Slings
  9348 | D:6      | Reached ** piety under Okawaru
  9499 | D:6      | Found a shadowy altar of Dithmenos.
  9530 | D:6      | Found an ancient bone altar of Kikubaaqudgha.
  9534 | D:6      | Found a sacrificial altar of Ru.
  9988 | D:7      | Noticed a hippogriff
  9996 | D:7      | Noticed Dowan
  9997 | D:7      | Noticed Duvessa
 10004 | D:7      | Killed a hippogriff
 10018 | D:7      | Got a steaming chain mail
 10033 | D:7      | Identified the cursed +0 chain mail of Valiance {*Corrode
                  | Dex+5} (You found it on level 7 of the Dungeon)
 10039 | D:7      | Reached skill level 17 in Slings
 10039 | D:7      | Reached XP level 10. HP: 52/63 MP: 11/13
 10114 | D:7      | Killed Dowan
 10161 | D:7      | Killed Duvessa
 10263 | D:7      | Noticed Harold
 10289 | D:7      | Killed Harold
 10339 | D:7      | Noticed a moth of wrath
 10341 | D:7      | Found a bloodstained altar of Trog.
 10532 | D:7      | Found the +8 frozen axe "Frostbite" {freezing cloud, *Noise
                  | +Fly rC+}
 10552 | D:7      | Noticed Menkaure
 10557 | D:7      | Killed Menkaure
 11273 | D:8      | Noticed a two-headed ogre
 11296 | D:8      | Killed a two-headed ogre
 11296 | D:8      | Reached *** piety under Okawaru
 11296 | D:8      | Reached skill level 5 in Invocations
 11296 | D:8      | Reached XP level 11. HP: 68/68 MP: 7/14
 11870 | D:8      | Got a warped long sword
 11871 | D:8      | Identified the cursed +2 long sword "Kysodul" {freeze, rN+
                  | Int+3 Dex+4} (You found it on level 8 of the Dungeon)
 12061 | D:8      | Found a snail-covered altar of Cheibriados.
 12206 | D:9      | Reached skill level 1 in Shields
 12214 | D:9      | Reached **** piety under Okawaru
 13023 | D:10     | Entered Level 10 of the Dungeon
 13236 | D:10     | Noticed a deep elf mage
 13254 | D:10     | Killed a deep elf mage
 13254 | D:10     | Received a gift from Okawaru
 13286 | D:10     | Reached skill level 5 in Dodging
 13564 | D:10     | Reached ***** piety under Okawaru
 13574 | D:10     | Reached skill level 5 in Fighting
 13769 | D:10     | Reached XP level 12. HP: 66/77 MP: 16/16
 13879 | D:10     | Found a staircase to the Lair.
 14126 | D:10     | Learned a level 1 spell: Apportation
 14188 | Lair:1   | Entered Level 1 of the Lair of Beasts
 14245 | Lair:1   | Reached skill level 5 in Armour
 14313 | Lair:1   | Noticed Urug
 14341 | Lair:1   | Killed Urug
 14350 | Lair:1   | Noticed Sonja
 14363 | Lair:1   | Killed Sonja
 14396 | Lair:1   | Found a dark tunnel.
 14421 | Volcano  | Entered a volcano
 14436 | Volcano  | Received a gift from Okawaru
 15521 | Volcano  | Noticed a skeletal warrior
 15552 | Volcano  | Killed a skeletal warrior
 15552 | Volcano  | Received a gift from Okawaru
 15552 | Volcano  | Reached skill level 5 in Shields
 15611 | Volcano  | Noticed a skeletal warrior
 15631 | Volcano  | Killed a skeletal warrior
 16122 | Lair:1   | Received a gift from Okawaru
 17146 | Lair:2   | Noticed a six-headed hydra
 17178 | Lair:2   | Reached skill level 5 in Long Blades
 17223 | Lair:2   | Killed a six-headed hydra
 17272 | Lair:2   | Found a runed translucent gate.
 17272 | Lair:2   | Found a runed translucent gate.
 17272 | Lair:2   | Found a runed translucent gate.
 17273 | Lair:2   | Noticed BubbleThief's ghost (journeyman NaVM)
 17275 | Lair:2   | Noticed Pianiec's ghost (journeyman NaTm)
 17428 | Lair:2   | Found an opulent altar of Gozag.
 17472 | Lair:2   | Received a gift from Okawaru
 17472 | Lair:2   | Reached XP level 13. HP: 81/83 MP: 19/19
 18389 | Lair:3   | Noticed a five-headed hydra
 18406 | Lair:3   | Found a gate leading to a gauntlet.
 18415 | Gauntlet | Entered a Gauntlet
 18415 | Gauntlet | Found a transporter.
 18415 | Gauntlet | Found a transporter.
 18416 | Gauntlet | Found a transporter.
 18418 | Gauntlet | Found a transporter.
 18419 | Gauntlet | Found a transporter.
 18429 | Gauntlet | Found a transporter.
 18433 | Gauntlet | Found a transporter.
 18442 | Gauntlet | Noticed a dire elephant
 18443 | Gauntlet | Found a transporter.
 18535 | Gauntlet | Found a transporter.
 18545 | Gauntlet | Found a transporter.
 18549 | Gauntlet | Found a transporter.
 18561 | Gauntlet | Found a transporter.
 18651 | Gauntlet | Received a gift from Okawaru
 18679 | Gauntlet | Got a glittering iron ring
 18680 | Gauntlet | Identified the ring "Ciuryaph" {rF++ Str-3 Int+3 Slay+2}
                  | (You found it in a Gauntlet)
 18778 | Gauntlet | Identified the +6 war axe "Ezicza Rare" {speed, SInv
                  | Stlth+} (You found it in a Gauntlet)
 18919 | Gauntlet | Noticed a minotaur
 18938 | Gauntlet | Killed a minotaur
 18938 | Gauntlet | Received a gift from Okawaru
 19189 | Lair:3   | Killed a five-headed hydra
 19465 | Lair:3   | Received a gift from Okawaru
 19823 | Lair:3   | Found a staircase to the Snake Pit.
 19978 | Lair:3   | Received a gift from Okawaru
 19979 | Lair:3   | Got a transparent crystal plate armour {god gift}
 19990 | Lair:3   | Identified the +0 crystal plate armour of Okawaru's Whim
                  | {+Blink rC++ Dex-3} (Okawaru gifted it to you on level 3 of
                  | the Lair of Beasts)
 20142 | Lair:3   | Noticed a seven-headed hydra
 20165 | Lair:3   | Killed an eight-headed hydra
 20919 | Lair:3   | Noticed a five-headed hydra
 20932 | Lair:3   | Killed a five-headed hydra
 21379 | Lair:4   | Noticed a seven-headed hydra
 21383 | Lair:4   | Killed a seven-headed hydra
 21845 | Lair:4   | Reached XP level 14. HP: 97/97 MP: 20/20
 22052 | Lair:4   | Found a staircase to the Shoals.
 22449 | Lair:5   | Found a runed translucent door.
 22449 | Lair:5   | Found a viscous altar of Jiyva.
 22449 | Lair:5   | Found a staircase to the Slime Pits.
 22449 | Lair:5   | Noticed an acid blob
 22449 | Lair:5   | Noticed an acid blob
 22449 | Lair:5   | Noticed an acid blob
 23464 | Lair:6   | Entered Level 6 of the Lair of Beasts
 23485 | Lair:6   | Received a gift from Okawaru
 23533 | Lair:6   | Reached skill level 10 in Long Blades
 23892 | Lair:6   | Reached ****** piety under Okawaru
 24570 | Lair:6   | Received a gift from Okawaru
 24570 | Lair:6   | Reached skill level 10 in Fighting
 24575 | Lair:6   | Got a pair of polished gloves {god gift}
 24595 | Lair:6   | Identified the +1 pair of gloves "Adgheh" {*Drain Str+4
                  | Dex+3} (Okawaru gifted it to you on level 6 of the Lair of
                  | Beasts)
 25346 | Lair:6   | Identified the ring "Maschuciu" {rF+ rC+ EV+3}
 25346 | Lair:6   | Noticed an entropy weaver
 25350 | Lair:6   | Noticed an entropy weaver
 25834 | Lair:5   | Killed an entropy weaver
 25838 | Lair:5   | HP: 3/148 [entropy weaver (8)]
 25839 | Lair:5   | Slain by an entropy weaver

Levels and vault maps discovered:
D:1:      psy_arrival_fountain, layout_basic, minmay_misc_feat_alley,
          bh_walls_and_bars
D:2:      layout_loops_ring, first_ration
D:3:      layout_basic, hex_medium, nicolae_ru_great_annihilating_truth,
          uniq_natasha, uniq_terence, uniq_robin
D:4:      layout_loops_ring, minmay_temple_entry_statues_pillars, serial_forest,
          infiniplex_forest_clump_long, infiniplex_forest_clump_diagonal,
          infiniplex_forest_zigzag_2, infiniplex_forest_fountain,
          infiniplex_forest_straight_3, infiniplex_forest_clump_tiny,
          infiniplex_forest_end_1, infiniplex_forest_lined_room_,
          infiniplex_forest_clump_long, infiniplex_forest_corner_1
D:5:      layout_loops_ring, overflow_temple_1_default, ashenzari_altar_1,
          uniq_crazy_yiuf_cottage
D:6:      layout_cave_pools, grunt_temple_overflow_open, serial_bayou_ford_a,
          grunt_dithmenos_smoke
D:7:      layout_gridville, tgw_trog, uniq_harold, uniq_menkaure, uniq_duvessa
D:8:      layout_gridville, slow_altar_2
D:9:      layout_loops_ring
D:10:     layout_roguey, david_lair_shrubbed, hangedman_stone_soup
Temple:   regret_index_temple_sphere_string
Lair:1:   layout_cave_pods, nicolae_volcano_entry_hallway, uniq_sonja, uniq_urug
Lair:2:   layout_regular_city, gammafunk_ghost_cemetery, basic_altar
Lair:3:   layout_chaotic_city, minmay_snake_entry_six_corridors,
          gauntlet_entry_generic, minmay_shattered_shrine, lemuel_fruit_fields
Lair:4:   layout_hall_layers, minmay_shoals_entry_hut
Lair:5:   layout_big_grid, slime_altar_2, minmay_lair_drake_nest,
          grunt_megastairs_4
Lair:6:   minmay_lair_end_enchanted_forest, layout_misc_corridors,
          minmay_another_anthill, minmay_lair_oklob_chamber, grunt_megastairs_5

Skill      XL: |  1  2  3  4  5  6  7  8  9 10 11 12 13 14 |
---------------+-------------------------------------------+-----
Short Blades   | 3 4 6 7 |  7.3
Fighting       | 2 3 5 6 9 10 | 10.4
Slings         | 2 3 5 6 7 17 | 17.0
Long Blades    | 1 2 3 5 9 10 | 10.9
Translocations | 4 6 7 8 |  8.0
Invocations    | 1 3 4 5 6 8 |  8.0
Armour         | 2 3 4 5 |  5.0
Dodging        | 3 5 |  5.0
Shields        | 3 7 9 |  9.6
Throwing       | |  1.0
Spellcasting   | |  1.5

Action                   |  1- 3 |  4- 6 |  7- 9 | 10-12 | 13-15 || total
-------------------------+-------+-------+-------+-------+-------++-------
Melee: Short sword       |   117 |   196 |   422 |       |       ||   735
       Falchion          |       |       |   170 |       |       ||   170
       Hunting sling     |       |       |     1 |       |       ||     1
       Long sword        |       |       |       |   111 |   423 ||   534
       Punch             |       |       |       |     3 |       ||     3
 Fire: Hunting sling     |       |    27 |    75 |       |       ||   102
       Fustibalus        |       |       |    23 |   873 |   568 ||  1464
Throw: Dart              |       |       |    21 |       |       ||    21
 Cast: Blink             |       |     5 |    11 |    50 |    37 ||   103
       Apportation       |       |       |       |    13 |       ||    13
       Shroud of Golubri |       |       |       |       |     3 ||     3
Invok: Heroism           |       |       |     5 |    15 |    13 ||    33
       Finesse           |       |       |       |     1 |     1 ||     2
Evoke: Wand              |       |       |     1 |     7 |    10 ||    18
  Use: Potion            |     1 |     2 |     4 |     4 |     2 ||    13
       Scroll            |       |       |     8 |    13 |    10 ||    31
 Stab: Distracted        |     1 |       |       |       |       ||     1
       Paralysed         |       |     1 |       |     4 |       ||     5
       Invisible         |       |       |     1 |     9 |       ||    10
  Eat: Chunk             |     2 |     5 |    13 |     9 |     8 ||    37
       Ration            |     1 |       |     3 |     6 |     6 ||    16
Armor: Leather armour    |    13 |       |       |       |       ||    13
       Ring mail         |    15 |    31 |   144 |   123 |   166 ||   479
       Skin              |       |       |    34 |       |    27 ||    61
Dodge: Dodged            |    83 |   117 |   285 |   452 |   371 ||  1308
Block: Buckler           |       |       |       |    68 |   368 ||   436
       Reflection        |       |       |       |       |     2 ||     2
       Rpst.: Falchion   |       |       |    18 |       |       ||    18
       Long sword        |       |       |       |    30 |    70 ||   100

Table legend:
 A = Non-vault XP
 B = Vault XP
 C = Vault XP percentage of total XP
 D = Non-vault monster count
 E = Vault monster count
 F = Vault count percentage of total count
                 A         B        C        D         E       F
            +---------+---------+-------+---------+---------+-------
      Total |   38170 |   30001 |  44.0 |     316 |     132 |  29.5
            +---------+---------+-------+---------+---------+-------
        D:1 |      20 |       0 |   0.0 |      11 |       0 |   0.0
        D:2 |      27 |       0 |   0.0 |       9 |       0 |   0.0
        D:3 |     165 |     153 |  48.1 |      23 |      19 |  45.2
        D:4 |     519 |       0 |   0.0 |      18 |       0 |   0.0
        D:5 |     783 |      44 |   5.3 |      24 |       1 |   4.0
        D:6 |     885 |       0 |   0.0 |      17 |       0 |   0.0
        D:7 |     607 |    1417 |  70.0 |       8 |       9 |  52.9
        D:8 |    2134 |      18 |   0.8 |      26 |       1 |   3.7
        D:9 |    3103 |       0 |   0.0 |      34 |       0 |   0.0
       D:10 |    1878 |    1017 |  35.1 |      30 |       4 |  11.8
     Lair:1 |    3534 |    1606 |  31.2 |      18 |       2 |  10.0
     Lair:2 |    4234 |       0 |   0.0 |      16 |       0 |   0.0
     Lair:3 |    3755 |    5992 |  61.5 |      17 |      20 |  54.1
     Lair:4 |    4091 |     265 |   6.1 |      17 |       1 |   5.6
     Lair:5 |    3613 |    3825 |  51.4 |      16 |      12 |  42.9
     Lair:6 |    8822 |    8278 |  48.4 |      32 |      41 |  56.2
    Volcano |       0 |    3821 | 100.0 |       0 |      11 | 100.0
   Gauntlet |       0 |    3565 | 100.0 |       0 |      11 | 100.0
            +---------+---------+-------+---------+---------+-------
